 Dungeon Crawl Stone Soup version 0.28.0-53-g5a82cb258f (webtiles) character file.

Game seed: 9029539879263702211

3328 LustLizard the Cleaver (level 9, 0/118 HPs)
             Began as a Minotaur Berserker on June 26, 2022.
             Was an Elder of Trog.
             Succumbed to a hornet's poison
             ... on level 9 of the Dungeon.
             The game lasted 00:16:24 (9355 turns).

LustLizard the Cleaver (Minotaur Berserker)         Turns: 9355, Time: 00:16:25

Health: 0/118      AC: 13    Str: 25    XL:     9   Next: 71%
Magic:  8/8        EV:  7    Int:  6    God:    Trog [****..]
Gold:   478        SH:  0    Dex:  9    Spells: 8/8 levels left

rFire   + . .      SeeInvis .   K - +2 whip (flame)
rCold   . . .      Faith    .   (no shield)
rNeg    . . .      Spirit   .   h - +0 plate armour
rPois   .          Reflect  .   (helmet restricted)
rElec   .          Harm     .   (no cloak)
rCorr   +          Rampage  .   g - +0 pair of gloves
Will    .....                   (no boots)
Stlth   ..........              (no amulet)
HPRegen 0.29/turn               f - ring of resist corrosion
MPRegen 0.11/turn               H - ring of protection from fire

@: berserking, lethally poisoned (0 -> -19), slowed
A: horns 2, retaliatory headbutt
a: Renounce Religion, Berserk, Trog's Hand, Brothers in Arms


You were on level 9 of the Dungeon.
You worshipped Trog.
Trog was greatly pleased with you.
You visited 1 branch of the dungeon, and saw 9 of its levels.
You also visited: Sewer.

You collected 478 gold pieces.

Inventory:

Hand Weapons
 a - a +0 hand axe
 F - a +0 war axe
 K - a +2 whip of flaming (weapon)
Missiles
 d - 188 stones (quivered)
 i - 2 javelins
 m - 7 boomerangs
 p - 5 datura-tipped darts
 y - 6 poisoned darts
 L - 5 curare-tipped darts
Armour
 b - a +0 animal skin
 c - a +0 scale mail
 g - a +0 pair of gloves (worn)
 h - a +0 plate armour (worn)
Jewellery
 f - a ring of resist corrosion (left hand)
 r - a ring of fire
 H - a ring of protection from fire (right hand)
 I - a ring of protection from fire
 Q - a ring of positive energy
Wands
 x - a wand of iceblast (6)
 J - a wand of digging (3)
 M - a wand of polymorph (5)
 O - a wand of charming (7)
Scrolls
 e - 6 scrolls of teleportation {unknown}
 j - a scroll of magic mapping {unknown}
 l - a scroll of vulnerability {unknown}
 n - a scroll of enchant armour {unknown}
 q - a scroll of noise {unknown}
 t - 5 scrolls of enchant weapon {unknown}
 B - a scroll of amnesia {unknown}
 D - a scroll of summoning {unknown}
 G - a scroll of silence {unknown}
 P - a scroll of immolation {unknown}
Potions
 k - a potion of lignification
 o - a potion of haste
 s - 3 potions of mutation
 u - 4 potions of curing
 v - 2 potions of heal wounds
 w - a potion of flight
 z - a potion of cancellation {unknown}
 A - 2 potions of might {unknown}
 C - a potion of degeneration {unknown}
 E - 2 potions of magic {unknown}
 N - a potion of berserk rage {unknown}


   Skills:
 + Level 7.5 Fighting
 * Level 10.0 Axes
 * Level 7.7 Throwing
 + Level 4.9 Armour
 - Level 2.1 Dodging
 * Level 4.6 Evocations


You had 8 spell levels left.
You didn't know any spells.
Your spell library was empty.

Dungeon Overview and Level Annotations

Branches:
Dungeon (9/15)             Temple (0/1) D:7           Sewer (visited)
   Lair: D:8-11         Orc: D:9-12

Altars:
Cheibriados
Elyvilon
Sif Muna
Xom

Shops:
D:2 :

Annotations:
D:7 3 runed translucent doors, Barsook's ghost, novice HOFE; Veterankin's ghost, novice DrFE; gobodom's ghost, novice DsIE; slowmoth's ghost, novice VSSu
D:8 3 runed translucent doors, Imhoden's ghost, novice MiFi


Innate Abilities, Weirdness & Mutations

You have a pair of horns on your head.
You reflexively headbutt those who attack you in melee.


Message History

You are more poisoned.
You feel as though you will be slow longer.
You feel very sick. The hornet stings you!
You feel as though you will be slow longer.
The hornet barely misses you.
You feel very sick. The hornet stings you.
You feel as though you will be slow longer.
You can move again.
You hit the hornet but do no damage. Your headbutt misses the hornet.
The hornet is severely wounded.
You feel very sick. The hornet stings you.
* * * LOW HITPOINT WARNING * * *
You are lethally poisoned!
You feel as though you will be slow longer.
The hornet stings you!
* * * LOW HITPOINT WARNING * * *
You feel as though you will be slow longer.
Unknown command.
You closely miss the hornet. Your headbutt misses the hornet.
Your punch misses the hornet.
The hornet is severely wounded.
* * * LOW HITPOINT WARNING * * *
You feel very sick. The hornet stings you.
* * * LOW HITPOINT WARNING * * *
You are more poisoned.
You feel as though you will be slow longer.
The hornet barely misses you.
A red film seems to cover your vision as you go berserk!
You feel yourself moving faster!
You feel mighty!
* * * LOW HITPOINT WARNING * * *
You feel extremely sick.
The hornet stings you but does no damage.
The hornet barely misses you.
You closely miss the hornet.
The hornet is severely wounded.
You die...

###############
........y.....#
#@# #.# #.# #.#
#.# #.# #.# #.#
#.#


You could see a hornet.

Vanquished Creatures
  Pikel (D:6)
  A hornet (D:8)
  Sigmund (D:4)
  A wyvern (D:7)
  A steam dragon (D:8)
  A water moccasin (D:5)
  2 orc warriors (D:8)
  An ice beast (D:7)
  2 black bears (D:6)
  3 necrophages
  2 centaurs
  A lemure (D:6)
  A phantom (D:4)
  A bullfrog (D:7)
  3 scorpions
  A wyvern zombie (D:7)
  A gnoll sergeant (D:7)
  A water moccasin skeleton (D:5)
  A centaur zombie (D:8)
  2 jellies (D:7)
  A bullfrog zombie (D:6)
  2 hounds
  A bullfrog skeleton (D:6)
  A gnoll shaman (D:8)
  4 orc priests
  A centaur skeleton (D:6)
  Jessica (D:3)
  4 orc wizards
  A howler monkey zombie (D:6)
  A howler monkey skeleton (D:6)
  10 adders
  8 gnolls
  5 river rats
  A shadow imp (D:8)
  5 worms
  A dart slug (D:2)
  19 orcs
  7 ball pythons
  6 endoplasms
  5 giant cockroaches
  7 goblins
  7 hobgoblins
  4 jackals (D:4)
  11 kobolds
  3 quokkas
  3 bats
  5 frilled lizards
  14 rats
166 creatures vanquished.

Vanquished Creatures (others)
  7 plants (D:8)
  2 withered plants (D:7)
9 creatures vanquished.

Grand Total: 175 creatures vanquished

Notes
Turn   | Place    | Note
-------+----------+-------------------------------------------
     0 | D:1      | LustLizard the Minotaur Berserker began the quest for the
                  | Orb.
     0 | D:1      | Reached XP level 1. HP: 19/19 MP: 0/0
   183 | D:1      | Reached skill level 4 in Axes
   326 | D:1      | Reached XP level 2. HP: 27/27 MP: 1/1
   353 | D:1      | You fall into a shaft and drop 1 floor!
   393 | D:1      | Reached skill level 1 in Throwing
   644 | D:1      | Found a faded altar of an unknown god.
   817 | D:2      | Found Fopone's Book Boutique.
   928 | D:2      | Reached XP level 3. HP: 28/33 MP: 2/2
  1013 | D:2      | Reached ** piety under Trog
  1972 | D:3      | Noticed Jessica
  1978 | D:3      | Killed Jessica
  1979 | D:3      | Reached XP level 4. HP: 34/40 MP: 3/3
  2478 | D:4      | Reached skill level 5 in Axes
  2521 | D:4      | Noticed a phantom
  2534 | D:4      | Reached XP level 5. HP: 39/47 MP: 4/4
  2716 | D:4      | Killed a phantom
  2716 | D:4      | Reached *** piety under Trog
  2730 | D:4      | Noticed Sigmund
  2748 | D:4      | Killed Sigmund
  2749 | D:4      | Reached skill level 5 in Fighting
  2749 | D:4      | Reached skill level 6 in Axes
  2749 | D:4      | Reached XP level 6. HP: 56/56 MP: 5/5
  2752 | D:4      | Found a snail-covered altar of Cheibriados.
  3025 | D:4      | Found a glowing drain.
  3034 | D:4      | HP: 2/56 [river rat (6)]
  3043 | Sewer    | Entered a sewer
  3691 | D:4      | Reached XP level 7. HP: 61/61 MP: 6/6
  3877 | D:5      | Entered Level 5 of the Dungeon
  3930 | D:5      | Reached skill level 7 in Axes
  3933 | D:5      | Reached skill level 5 in Throwing
  4995 | D:6      | Reached skill level 1 in Evocations
  4995 | D:6      | Reached XP level 8. HP: 56/70 MP: 7/7
  5125 | D:6      | Reached skill level 8 in Axes
  5424 | D:6      | Reached **** piety under Trog
  5978 | D:7      | Noticed Pikel
  6319 | D:6      | Killed Pikel
  6507 | D:7      | Found a shimmering altar of Xom.
  6508 | D:7      | Found a shimmering altar of Xom.
  6508 | D:7      | Found a shimmering altar of Xom.
  6508 | D:7      | Found a shimmering altar of Xom.
  6518 | D:7      | Found a shimmering altar of Xom.
  6518 | D:7      | Found a shimmering altar of Xom.
  6520 | D:7      | Found a shimmering altar of Xom.
  6533 | D:7      | Reached skill level 9 in Axes
  6533 | D:7      | Reached XP level 9. HP: 71/78 MP: 8/8
  6715 | D:7      | Noticed a yaktaur
  6715 | D:7      | a jumping spider changed into a yaktaur
  6768 | D:7      | Found a runed translucent gate.
  6768 | D:7      | Found a runed translucent gate.
  6768 | D:7      | Found a runed translucent gate.
  6844 | D:7      | Found a shimmering blue altar of Sif Muna.
  7385 | D:7      | Found a staircase to the Ecumenical Temple.
  7689 | D:7      | Noticed Veterankin's ghost (novice DrFE)
  7689 | D:7      | Noticed gobodom's ghost (novice DsIE)
  7690 | D:7      | Noticed Barsook's ghost (novice HOFE)
  7690 | D:7      | Noticed slowmoth's ghost (novice VSSu)
  8428 | D:8      | Found a runed translucent gate.
  8428 | D:8      | Found a runed translucent gate.
  8428 | D:8      | Found a runed translucent gate.
  8441 | D:8      | Noticed a nine-headed hydra
  8441 | D:8      | Noticed Imhoden's ghost (novice MiFi)
  8443 | D:8      | Noticed a nine-headed hydra
  8552 | D:8      | Found a white marble altar of Elyvilon.
  8716 | D:8      | Reached skill level 10 in Axes
  9349 | D:9      | Paralysed by a hornet for 3 turns
  9354 | D:9      | HP: 3/118 [poisoned by a hornet]
  9355 | D:9      | Succumbed to a hornet's poison

Illustrated notes

Levels and vault maps discovered:
D:1:      sevenhm_arrival_forest_fort_small_4, layout_loops_ring,
          shapermc_ecumenical_altar_pompeii
D:2:      kb_forest_paths, layout_loops_cross, serial_shops,
          nicolae_shop_window_shopping
D:3:      layout_basic, uniq_jessica
D:4:      layout_basic, mainiacjoe_overflow_tiny_flanked,
          lightli_sewer_entry_pipes, chequers_avenue, minmay_close_crescents,
          uniq_sigmund
D:5:      layout_rooms, serial_rivers, chequers_serial_rivers_room_a,
          chequers_serial_rivers_marsh, chequers_serial_rivers_small_a,
          chequers_serial_rivers_small_3, chequers_serial_rivers_large_b
D:6:      layout_gridville
D:7:      layout_basic, overflow_temple_1_default, xom_shifter_show,
          minmay_temple_entry_enclosed_plants, gammafunk_ghost_cemetery,
          uniq_pikel
D:8:      layout_cave_pools, mainiacjoe_overflow_concentric_impassable,
          gammafunk_ghost_hydra_chop
D:9:      layout_loops_ring, chequers_serial_rivers_small_a,
          ebering_dispersal_statue_hall

Skill      XL: |  1  2  3  4  5  6  7  8  9 |
---------------+----------------------------+-----
Axes           | 4 5 6 7 9 10 | 10.0
Throwing       | 1 2 4 5 6 7 |  7.7
Fighting       | 4 5 6 7 |  7.5
Evocations     | 1 3 4 |  4.6
Armour         | 3 4 |  4.9
Dodging        | |  2.1

Action                   |  1- 3 |  4- 6 |  7- 9 || total
-------------------------+-------+-------+-------++-------
Melee: Hand axe          |   101 |   145 |       ||   246
       Headbutt          |    14 |    22 |    46 ||    82
       War axe           |       |       |   108 ||   108
       Whip              |       |       |   128 ||   128
       Punch             |       |       |     1 ||     1
Throw: Stone             |     7 |    69 |    92 ||   168
       Dart              |       |       |     4 ||     4
Invok: Trog's Hand       |       |     1 |       ||     1
       Berserk           |       |       |     4 ||     4
  Use: Scroll            |     1 |     2 |     3 ||     6
       Potion            |       |     1 |       ||     1
Armor: Scale mail        |     6 |       |       ||     6
       Plate armour      |    44 |    75 |   148 ||   267
Dodge: Dodged            |    30 |    47 |    89 ||   166
